[Event "Titled Tuesday Blitz April 18 Late 2023"]
[White "Llorente Zaro, Alfonso"]
[Black "Janaszak, Dawid"]
[WhiteFideId "2254131"]
[BlackFideId "1119206"]
[WhiteElo "2485"]
[BlackElo "2220"]
[Result "1-0"]
[Round "09"]
[TimeControl "180+2"]
[Date "2023.04.18"]
[WhiteClock "0:00:19"]
[BlackClock "0:00:02"]

1. e4 c5 2. Nf3 Nc6 3. Bb5 e5 4. c3 Nge7 5. O-O g6 6. d4 cxd4 7. cxd4 exd4 8. Nxd4 Bg7 9. Be3 O-O 10. Nc3 d5 11. Bxc6 bxc6 12. exd5 cxd5 13. Qd2 Nf5 14. Nxf5 Bxf5 15. Bd4 Bxd4 16. Qxd4 Be6 17. Rfd1 Re8 18. Rd2 Qb6 19. Rad1 Rab8 20. Qxb6 Rxb6 21. b3 Rc6 22. Ne2 Rec8 23. Nd4 Rc1 24. Kf1 Kg7 25. Ke2 Kf6 26. Rxc1 Rxc1 27. Rc2 Rh1 28. h3 Rg1 29. Kf3 Ra1 30. Ke3 h5 31. h4 Rg1 32. f3 Re1+ 33. Re2 Ra1 34. Nc6 a6 35. Kd4 Rh1 36. Kc5 Rxh4 37. Kb6 Rh2 38. Nd4 h4 39. Kxa6 h3 40. gxh3 Rxh3 41. b4 Rh4 42. Rd2 Ke5 43. Nc6+ Kd6 44. Kb6 Rf4 45. b5 Rxf3 46. a4 Ra3 47. a5 Bd7 48. Nb4 Be6 49. a6 Ra4 50. Nc6 Kd7 51. a7 g5 52. Na5 1-0


[Site "https://www.chess.com"]

[Event "Titled Tuesday Blitz April 18 Late 2023"]
[White "Lenaerts, Lennert"]
[Black "Smirnov, Pavel"]
[WhiteFideId "211435"]
[BlackFideId "4123425"]
[WhiteElo "2334"]
[BlackElo "2519"]
[Result "0-1"]
[Round "09"]
[TimeControl "180+2"]
[Date "2023.04.18"]
[WhiteClock "0:01:39"]
[BlackClock "0:01:43"]

1. d4 Nf6 2. c4 e6 3. Nc3 Bb4 4. g3 O-O 5. Bg2 d5 6. Nf3 dxc4 7. O-O Nc6 8. Qa4 Nd5 9. Qc2 Be7 10. Rd1 Rb8 11. e4 Ncb4 12. Qd2 Nxc3 13. Qxc3 b5 14. a3 Nd3 15. Be3 Bb7 16. Nd2 c5 17. dxc5 Bf6 18. Qc2 Nxb2 19. Rdb1 Qd3 20. Qxd3 Nxd3 21. Ra2 a6 22. a4 c3 23. Nb3 Nb4 24. Re2 c2 25. Rf1 bxa4 26. Na5 Ba8 27. f4 Bc3 28. Bd2 Bxd2 29. Rxd2 Rfd8 30. Re2 Rd1 0-1


[Site "https://www.chess.com"]

[Event "Titled Tuesday Blitz April 18 Late 2023"]
[White "Feng, Eric"]
[Black "Sargsyan, Shant"]
[WhiteFideId "30952590"]
[BlackFideId "13306766"]
[WhiteElo "1785"]
[BlackElo "2628"]
[Result "0-1"]
[Round "09"]
[TimeControl "180+2"]
[Date "2023.04.18"]
[WhiteClock "0:01:27"]
[BlackClock "0:02:25"]

1. d4 c5 2. d5 e5 3. c4 d6 4. Nc3 Be7 5. e4 Bg5 6. Bd3 Bxc1 7. Qxc1 Ne7 8. Nge2 Ng6 9. O-O Nd7 10. g3 h5 11. h4 Nf6 12. f3 a6 13. a3 Bd7 14. Qe3 Qc7 15. b4 Rc8 16. b5 axb5 17. Nxb5 Bxb5 18. cxb5 Nd7 19. Nc3 Qa5 20. Be2 Ne7 21. f4 c4 22. f5 Ng8 23. Rfb1 Ngf6 24. Rb4 Nc5 25. Rxc4 Ke7 26. Qd2 Nb3 27. Ra4 Qb6+ 0-1


[Site "https://www.chess.com"]

[Event "Titled Tuesday Blitz April 18 Late 2023"]
[White "Zhigalko_Sergei"]
[Black "Sieciechowicz, Marcin"]
[BlackFideId "1130170"]
[WhiteElo "2899"]
[BlackElo "2302"]
[Result "1-0"]
[Round "09"]
[TimeControl "180+2"]
[Date "2023.04.18"]
[WhiteClock "0:01:30"]
[BlackClock "0:01:24"]

1. e4 c5 2. Nf3 d6 3. d4 cxd4 4. Qxd4 Nc6 5. Bb5 Bd7 6. Bxc6 Bxc6 7. Nc3 Nf6 8. Bg5 e6 9. O-O-O Be7 10. Rhe1 O-O 11. Kb1 Qa5 12. Qd2 Qa6 13. Nd4 Rac8 14. f3 Rfd8 15. g4 Be8 16. Nce2 b5 17. Ng3 Qb7 18. Rg1 h6 19. Be3 b4 20. g5 hxg5 21. Bxg5 Nh7 22. Bxe7 Qxe7 23. Ngf5 exf5 24. Rxg7+ 1-0


[Site "https://www.chess.com"]

[Event "Titled Tuesday Blitz April 18 Late 2023"]
[White "Aldokhin, Ivan"]
[Black "Karacsonyi, Gellert"]
[WhiteFideId "24115720"]
[BlackFideId "764620"]
[WhiteElo "2322"]
[BlackElo "2308"]
[Result "1-0"]
[Round "09"]
[TimeControl "180+2"]
[Date "2023.04.18"]
[WhiteClock "0:00:03"]
[BlackClock "0:00:31"]

1. e4 c5 2. Nf3 Nc6 3. d4 cxd4 4. Nxd4 g6 5. Nc3 Bg7 6. Be3 Nf6 7. Bc4 O-O 8. Bb3 Re8 9. O-O d6 10. h3 Na5 11. Re1 b6 12. Bg5 Nxb3 13. axb3 Bb7 14. Qd2 a6 15. Rad1 b5 16. Bxf6 Bxf6 17. Nd5 Bg7 18. c3 e6 19. Nb4 Qb6 20. Nbc2 Rad8 21. Qe3 d5 22. e5 a5 23. b4 Ra8 24. h4 h5 25. Qf4 Re7 26. Rd3 Kh7 27. g4 Rg8 28. gxh5 Bh6 29. Qf6 Qd8 30. bxa5 Qf8 31. Rg3 gxh5 32. Kh2 Rxg3 33. fxg3 Bg7 34. Qf3 Bh6 35. Qxh5 Qg7 36. Rf1 Kg8 37. Rf6 Bc1 38. b4 Ba6 39. Kg2 Rc7 40. Rf3 Bd2 41. Ne3 Rxc3 42. Ng4 Rxf3 43. Kxf3 Kf8 44. Nf6 Be1 45. Nxe6+ Ke7 46. Nxg7 d4 47. Nf5+ Kd8 48. Nxd4 Bb7+ 49. Ke2 Bxb4 50. Qxf7 Bc8 51. Qf8+ Bxf8 52. Nxb5 Ba6 53. Ke3 Bxb5 54. g4 Bb4 55. g5 Bxa5 56. h5 Ke7 57. g6 Bc4 58. h6 Bb6+ 59. Kf4 Kf8 60. g7+ Ke7 61. h7 Ba5 62. g8=Q Bd2+ 63. Kf3 Bxg8 64. hxg8=Q Bc3 65. Qe8# 1-0


[Site "https://www.chess.com"]

[Event "Titled Tuesday Blitz April 18 Late 2023"]
[White "Costachi, Mihnea"]
[Black "Averjanov, Alexey"]
[WhiteFideId "1217518"]
[BlackFideId "14109867"]
[WhiteElo "2456"]
[BlackElo "2651"]
[Result "1/2-1/2"]
[Round "09"]
[TimeControl "180+2"]
[Date "2023.04.18"]
[WhiteClock "0:00:34"]
[BlackClock "0:00:08"]

1. d4 d5 2. c4 dxc4 3. Nf3 Nf6 4. e3 e6 5. Bxc4 a6 6. O-O b5 7. Be2 Bb7 8. a4 b4 9. b3 Nbd7 10. Bb2 c5 11. Nbd2 Be7 12. Nc4 Qc7 13. Rc1 O-O 14. h3 Rfd8 15. Qc2 Rac8 16. Rfd1 h6 17. Qb1 Ne4 18. Qa1 Ndf6 19. dxc5 Bxc5 20. a5 Rxd1+ 21. Rxd1 Rd8 22. Be5 Qe7 23. Rxd8+ Qxd8 24. Bd4 Bxd4 25. Qxd4 Qxd4 26. Nxd4 Nc5 27. Nd6 Bd5 28. f3 Kf8 29. e4 Bxb3 30. Bxa6 Nxa6 31. Nxb3 Ke7 32. Nc4 Nd7 33. Kf2 Ndc5 34. Nxc5 Nxc5 35. Ke3 f6 36. Kd4 Nb3+ 37. Kd3 Nc5+ 38. Kd4 Nb3+ 39. Ke3 Nc5 40. Nb2 Kd7 41. Kd4 Kc6 42. Kc4 b3 43. Kb4 g6 44. h4 h5 45. Kc4 g5 46. hxg5 fxg5 47. Kb4 g4 48. fxg4 hxg4 49. e5 g3 50. Kc4 Nd7 51. Nd3 Nc5 52. Nb2 Nd7 53. Kxb3 Nxe5 54. Kc3 Ng6 55. Nd3 e5 56. Kc4 e4 57. Nb4+ Kb7 58. Kd4 Nf4 59. Kxe4 Nxg2 60. Kf3 Nf4 61. Kxg3 Ne6 62. Kf3 Nd4+ 63. Ke4 Nc6 64. a6+ Kb6 65. Nxc6 Kxa6 1/2-1/2


[Site "https://www.chess.com"]

[Event "Titled Tuesday Blitz April 18 Late 2023"]
[White "Vivekananthan, Anish"]
[Black "Rastbod, Ali"]
[WhiteFideId "2090775"]
[BlackFideId "12567477"]
[WhiteElo "2834"]
[BlackElo "2248"]
[Result "0-1"]
[Round "09"]
[TimeControl "180+2"]
[Date "2023.04.18"]
[WhiteClock "0:00:15"]
[BlackClock "0:00:12"]

1. d4 Nf6 2. Bg5 Ne4 3. Bf4 d5 4. f3 Nf6 5. e4 dxe4 6. Nc3 Nd5 7. Qd2 Nxf4 8. Qxf4 exf3 9. Nxf3 e6 10. O-O-O Bd6 11. Qe4 O-O 12. Bd3 f5 13. Qe3 Nc6 14. Bc4 Kh8 15. h4 Qf6 16. Ng5 Bd7 17. Bxe6 Bxe6 18. Nxe6 Rfe8 19. d5 Nd8 20. Rhe1 Nxe6 21. dxe6 Qxh4 22. Kb1 a6 23. Nd5 Qg3 24. Qe2 Rad8 25. Rh1 Qg6 26. Rhe1 Bg3 27. Ne7 Rxd1+ 28. Rxd1 Rxe7 29. Rd8+ Re8 30. e7 Bh4 31. Qe6 Rxd8 32. exd8=Q+ Bxd8 33. Qc8 Qe8 34. a3 b6 35. Qxf5 a5 36. g4 Qe7 37. g5 g6 38. Qf4 Kg7 39. Qd4+ Kf7 40. Qd5+ Ke8 41. Qc6+ Qd7 42. Qe4+ Be7 43. Qe5 Qd6 44. Qh8+ Kd7 45. Qxh7 Qd1+ 46. Ka2 Qd5+ 47. b3 Qxg5 48. Qf7 Qf5 49. Qc4 Qe6 50. Qd3+ Qd6 51. Qe4 Qxa3+ 52. Kb1 Qd6 53. c3 g5 54. Ka2 Qa3+ 55. Kb1 Qxb3+ 56. Ka1 Qxc3+ 57. Ka2 Qd2+ 58. Kb1 Qb4+ 59. Ka2 Qxe4 0-1


[Site "https://www.chess.com"]

[Event "Titled Tuesday Blitz April 18 Late 2023"]
[White "Kushko, Dmitriy"]
[Black "Adla, Diego"]
[WhiteFideId "14162261"]
[BlackFideId "100072"]
[WhiteElo "2230"]
[BlackElo "2377"]
[Result "0-1"]
[Round "09"]
[TimeControl "180+2"]
[Date "2023.04.18"]
[WhiteClock "0:00:18"]
[BlackClock "0:00:45"]

1. f4 e5 2. fxe5 d6 3. exd6 Bxd6 4. Nf3 Nf6 5. e3 O-O 6. Be2 Re8 7. O-O Bg4 8. c4 Nbd7 9. d4 c5 10. Nc3 Rc8 11. Kh1 a6 12. b3 cxd4 13. exd4 Qa5 14. Bd2 Qh5 15. Rf2 b5 16. c5 Bg3 17. Kg1 Bxf2+ 18. Kxf2 b4 19. Na4 Ne4+ 20. Kg1 Ndf6 21. Bxb4 Rcd8 22. h3 Bxh3 23. gxh3 Ng3 24. Bf1 Re3 25. Bg2 Rde8 26. Be1 Ne2+ 27. Kf2 Rxf3+ 28. Bxf3 Qh4+ 29. Kf1 Qxh3+ 30. Bg2 Qf5+ 31. Bf2 Ng4 32. Qxe2 Rxe2 33. Kxe2 Qxf2+ 34. Kd3 Qxg2 35. Nc3 Qf3+ 36. Kc4 Ne3+ 37. Kb4 Nc2+ 38. Kc4 Nxa1 39. d5 Nc2 40. c6 Ne3+ 41. Kc5 Qf6 42. Ne4 Qe7+ 43. Kd4 Nf5+ 44. Kd3 Nd6 45. Nc5 h5 46. Nxa6 h4 47. c7 h3 0-1


[Site "https://www.chess.com"]

[Event "Titled Tuesday Blitz April 18 Late 2023"]
[White "Timmermans, Mark"]
[Black "Lizak, Peter"]
[WhiteFideId "1026399"]
[BlackFideId "731595"]
[WhiteElo "2460"]
[BlackElo "2420"]
[Result "0-1"]
[Round "09"]
[TimeControl "180+2"]
[Date "2023.04.18"]
[WhiteClock "0:00:10"]
[BlackClock "0:00:25"]

1. Nf3 d5 2. e3 Nc6 3. d4 Bg4 4. c4 e6 5. Nc3 Bb4 6. cxd5 Qxd5 7. Be2 e5 8. O-O Bxc3 9. bxc3 e4 10. Nd2 Bxe2 11. Qxe2 Nf6 12. Qc4 Qxc4 13. Nxc4 Nd5 14. Bb2 O-O-O 15. a4 f5 16. a5 a6 17. Rfb1 f4 18. Ra3 fxe3 19. Nxe3 Nxe3 20. fxe3 Rd5 21. Rba1 Rb5 22. Bc1 Rf8 23. c4 Rbf5 24. Bd2 Rf2 25. R3a2 g5 26. Bc3 R2f5 27. h3 h5 28. Rb1 h4 29. Rab2 Nd8 30. d5 R8f7 31. Bd4 c6 32. Rc1 cxd5 33. cxd5+ Kd7 34. Bb6 Rxd5 35. Rc7+ Ke6 36. Rc8 Nc6 37. Bc7 Rb5 38. Rd2 Rd5 39. Re8+ Re7 40. Rxe7+ Nxe7 41. Rb2 Rb5 42. Rd2 Nd5 43. Bd8 Rb1+ 44. Kh2 Nxe3 45. Ra2 Nf1+ 46. Kg1 e3 47. Bxg5 Ng3+ 48. Kh2 Rh1# 0-1


[Site "https://www.chess.com"]

[Event "Titled Tuesday Blitz April 18 Late 2023"]
[White "Kleiman, Jake"]
[Black "Goltsev, Dmitry"]
[WhiteFideId "2020041"]
[BlackFideId "24176710"]
[WhiteElo "2614"]
[BlackElo "2336"]
[Result "0-1"]
[Round "09"]
[TimeControl "180+2"]
[Date "2023.04.18"]
[WhiteClock "0:00:02"]
[BlackClock "0:00:13"]

1. e4 e6 2. d3 d5 3. Qe2 Nf6 4. Nf3 Bc5 5. g3 dxe4 6. dxe4 Ng4 7. Be3 Nxe3 8. fxe3 Nc6 9. Nc3 O-O 10. Bh3 b6 11. O-O Bb7 12. Rad1 Qe7 13. a3 a5 14. Rfe1 Rfd8 15. Bg2 Qf6 16. e5 Qh6 17. Rxd8+ Rxd8 18. Ne4 Be7 19. Qc4 Rd7 20. c3 Nb8 21. b4 Bd5 22. Qd3 Bc6 23. Qc2 Qg6 24. Nd4 axb4 25. axb4 Bd5 26. Re2 c5 27. bxc5 bxc5 28. Nb5 Bc4 29. Nbd6 Bxe2 30. Qxe2 Nc6 31. Qb5 Nxe5 32. Qxc5 Bxd6 33. Nxd6 Qf6 34. Ne4 Rd1+ 0-1


[Site "https://www.chess.com"]

[Event "Titled Tuesday Blitz April 18 Late 2023"]
[White "Di Berardino, Diego Rafael"]
[Black "Holt, Conrad"]
[WhiteFideId "2105446"]
[BlackFideId "2034387"]
[WhiteElo "2432"]
[BlackElo "2592"]
[Result "0-1"]
[Round "09"]
[TimeControl "180+2"]
[Date "2023.04.18"]
[WhiteClock "0:00:08"]
[BlackClock "0:00:39"]

1. e4 e6 2. d4 d5 3. Nd2 c5 4. exd5 Qxd5 5. dxc5 Qxc5 6. Ngf3 Nf6 7. Bd3 Nbd7 8. O-O Qc7 9. Qe2 Nc5 10. Bc4 Be7 11. a4 O-O 12. a5 Rd8 13. b3 Bd7 14. Ne5 Be8 15. Bb2 Nd5 16. Ne4 Nxe4 17. Qxe4 Bf6 18. Rfe1 Rac8 19. h4 Nb4 20. h5 h6 21. Re2 Nc6 22. Bd3 Bxe5 23. Bxe5 Nxe5 24. Qxe5 Qc3 25. Qxc3 Rxc3 26. f3 Rd5 27. g4 Bb5 28. Bxb5 Rxb5 29. Kf2 a6 30. Ra2 Kf8 31. Re3 Rcc5 32. c4 Rxa5 33. Rd2 Rc7 34. Red3 Ke7 35. Rd8 Ra3 36. Rg8 Kf6 37. Rd3 Rxc4 38. Ke3 Rb4 39. f4 Rbxb3 40. Rxb3 Rxb3+ 41. Ke4 Rb4+ 42. Kf3 a5 0-1


[Site "https://www.chess.com"]

[Event "Titled Tuesday Blitz April 18 Late 2023"]
[White "Rosen, Eric"]
[Black "Makridis, Dimitrios"]
[WhiteFideId "2032562"]
[BlackFideId "25864475"]
[WhiteElo "2331"]
[BlackElo "2277"]
[Result "0-1"]
[Round "09"]
[TimeControl "180+2"]
[Date "2023.04.18"]
[WhiteClock "0:00:01"]
[BlackClock "0:00:03"]

1. d4 Nf6 2. Bf4 g6 3. Nc3 Bg7 4. e4 d5 5. e5 Ne4 6. Nce2 f6 7. f3 fxe5 8. dxe5 Nc5 9. Nd4 Nc6 10. Bb5 Bd7 11. Nge2 Nxe5 12. b4 Bxb5 13. Nxb5 Ne6 14. Bg3 c6 15. Nbd4 Nxd4 16. Nxd4 Qd7 17. c3 Nc4 18. Qe2 e5 19. Nb3 O-O 20. Rd1 Qf7 21. O-O a5 22. bxa5 Qf5 23. Rfe1 Rfe8 24. Rb1 e4 25. fxe4 Rxe4 26. Qf3 Qxf3 27. gxf3 Rxe1+ 28. Bxe1 Bf8 29. Kf1 Bd6 30. Bg3 Be7 31. Ke2 Kf7 32. Kd3 Ke8 33. h4 Kd7 34. h5 gxh5 35. Rh1 Rf8 36. Ke2 Rg8 37. Bf2 Rg5 38. f4 Rf5 39. Nd4 Rxf4 40. Rxh5 Rf7 41. Nb3 Bd6 42. Bd4 Re7+ 43. Kd3 Nb2+ 44. Kc2 Nc4 45. Rh6 Rf7 46. a4 Bf8 47. Rh5 h6 48. Rh3 Nd6 49. Nc5+ Kc8 50. Ne6 Nf5 51. Nxf8 Rxf8 52. Kd3 Nxd4 53. cxd4 Rf6 54. Ke3 Kb8 55. Rh1 Ka7 56. Rb1 Rf7 57. Rh1 Rh7 58. Kf4 Ka6 59. Kf5 Kxa5 60. Kg6 Rh8 61. Kg7 Re8 62. Rb1 Re7+ 63. Kxh6 Kxa4 64. Kg5 b5 65. Kf6 Re4 66. Rc1 Rxd4 67. Rxc6 Rc4 68. Ra6+ Kb4 69. Ke5 Kc5 70. Ra8 Re4+ 71. Kf5 Re1 72. Rc8+ Kd4 73. Rb8 Rb1 74. Kf4 Rf1+ 75. Kg3 Rb1 76. Kf2 b4 77. Ke2 b3 78. Kd2 Kc4 79. Rc8+ Kb4 80. Rb8+ Ka3 81. Rb5 d4 82. Rb8 Rh1 83. Ra8+ Kb2 84. Rd8 Kb1 85. Rxd4 b2 86. Ra4 Rh2+ 87. Kd1 Rh7 88. Ra8 Rd7+ 89. Ke2 Rd4 90. Ke3 Rd5 91. Rb8 Kc2 92. Rc8+ Kb3 93. Rb8+ Kc3 94. Ke2 Rd4 95. Rc8+ Rc4 96. Rf8 b1=Q 97. Kf2 Rd4 98. Kg2 Kd3 99. Rf2 Qc1 100. Rf3+ Ke4 101. Rf2 Rd2 102. Kg3 Rxf2 103. Kh3 Qe3+ 104. Kh4 Qf4+ 105. Kh3 Rh2# 0-1


[Site "https://www.chess.com"]

[Event "Titled Tuesday Blitz April 18 Late 2023"]
[White "Mekhitarian, Krikor Sevag"]
[Black "Vlassov, Nikolai"]
[WhiteFideId "2107660"]
[BlackFideId "4103360"]
[WhiteElo "2604"]
[BlackElo "2324"]
[Result "1-0"]
[Round "09"]
[TimeControl "180+2"]
[Date "2023.04.18"]
[WhiteClock "0:00:14"]
[BlackClock "0:00:26"]

1. Nf3 c5 2. c4 g6 3. d4 Bg7 4. e4 Qa5+ 5. Nc3 Nc6 6. d5 Nd4 7. Bd2 Nxf3+ 8. Qxf3 d6 9. Bd3 Nf6 10. h3 O-O 11. O-O a6 12. Qe2 e5 13. a3 Qd8 14. b4 b6 15. bxc5 bxc5 16. g4 Ne8 17. Kh2 f5 18. f3 Ra7 19. gxf5 gxf5 20. exf5 Bxf5 21. Bxf5 Rxf5 22. Ne4 Kh8 23. Rg1 Qh4 24. Rg4 Qd8 25. Rag1 Nf6 26. Rg5 Rxg5 27. Nxg5 Nh5 28. Ne6 Qf6 29. Qe4 Rb7 30. Qg4 Rb2 31. Rg2 Qg6 32. Ng5 Nf4 33. Qc8+ 1-0


[Site "https://www.chess.com"]

[Event "Titled Tuesday Blitz April 18 Late 2023"]
[White "Ashraf, Artin"]
[Black "MKlose11"]
[WhiteFideId "22514805"]
[WhiteElo "2188"]
[BlackElo "2593"]
[Result "1-0"]
[Round "09"]
[TimeControl "180+2"]
[Date "2023.04.18"]
[WhiteClock "0:00:24"]
[BlackClock "0:00:10"]

1. e4 e6 2. d3 c5 3. g3 Nf6 4. Bg2 d5 5. Nd2 Be7 6. Ngf3 Nc6 7. O-O O-O 8. Re1 b5 9. e5 Nd7 10. Nf1 b4 11. h4 a5 12. h5 h6 13. Bf4 a4 14. a3 bxa3 15. bxa3 Rb8 16. Qd2 Re8 17. g4 Nd4 18. N1h2 Rb2 19. Nxd4 cxd4 20. Nf3 Qb6 21. g5 hxg5 22. Bxg5 Bxg5 23. Nxg5 Qc5 24. Qf4 Rf8 25. h6 gxh6 26. Qg4 Kh8 27. Qh5 Kg7 28. Kh2 Qxc2 29. Rg1 Nxe5 30. Nxe6+ Bxe6 31. Qxe5+ Kh7 32. Be4+ dxe4 33. Qg7# 1-0


[Site "https://www.chess.com"]

[Event "Titled Tuesday Blitz April 18 Late 2023"]
[White "Srinath, Rao S.V."]
[Black "Yuan, Qingyu"]
[WhiteFideId "5028876"]
[BlackFideId "8609772"]
[WhiteElo "2196"]
[BlackElo "2359"]
[Result "0-1"]
[Round "09"]
[TimeControl "180+2"]
[Date "2023.04.18"]
[WhiteClock "0:00:03"]
[BlackClock "0:00:05"]

1. e4 e5 2. Nf3 Nc6 3. Bb5 Nf6 4. O-O Nxe4 5. Re1 Nd6 6. Nxe5 Be7 7. Bf1 Nxe5 8. Rxe5 O-O 9. d4 Bf6 10. Re1 Re8 11. Rxe8+ Nxe8 12. c3 d5 13. Bd3 g6 14. Bf4 Ng7 15. Nd2 c6 16. Qf3 Bf5 17. Re1 Bxd3 18. Qxd3 Qd7 19. Be5 Re8 20. Nf3 Bd8 21. Bxg7 Rxe1+ 22. Nxe1 Kxg7 23. Nf3 Qe6 24. h3 Bc7 25. Kf1 f6 26. b3 Kf7 27. c4 Ba5 28. Qe2 Qe4 29. g4 Bc3 30. Qe3 Bb4 31. g5 Be7 32. gxf6 Bxf6 33. Kg2 Qxe3 34. fxe3 Ke6 35. Nd2 Kf5 36. Kf3 h5 37. e4+ dxe4+ 38. Nxe4 Be7 39. a4 a5 40. Nc3 g5 41. Ne2 g4+ 42. hxg4+ hxg4+ 43. Ke3 Bd6 44. Ng1 Bf4+ 45. Kd3 Bh2 46. Ne2 Bd6 47. Ke3 Bc7 48. Ng1 Bf4+ 49. Kd3 g3 50. Nf3 Kg4 51. Ke2 Kh3 52. Kf1 g2+ 53. Kf2 Bg3+ 54. Kg1 Bf4 55. Kf2 Bc1 56. Ng1+ Kh2 57. Nf3+ Kh1 58. d5 cxd5 59. cxd5 Ba3 60. Kg3 Bc5 61. Kf4 g1=Q 62. Nxg1 Kxg1 63. Ke5 Kf2 64. d6 Ke3 65. d7 Be7 66. Ke6 Bh4 67. Kd6 Kd4 68. Kc7 Kc3 69. Kb6 Kb4 70. Kxb7 Kxb3 71. Kb6 Kxa4 72. Kc5 Kb3 73. Kb5 a4 0-1


[Site "https://www.chess.com"]

[Event "Titled Tuesday Blitz April 18 Late 2023"]
[White "Omranalhosani21"]
[Black "Begmuratov, Alisher"]
[BlackFideId "14203367"]
[WhiteElo "2587"]
[BlackElo "2387"]
[Result "0-1"]
[Round "09"]
[TimeControl "180+2"]
[Date "2023.04.18"]
[WhiteClock "0:00:59"]
[BlackClock "0:01:24"]

1. d4 d5 2. c4 e6 3. Nc3 Nf6 4. e3 Be7 5. Nf3 O-O 6. cxd5 exd5 7. Bd3 c5 8. O-O Nc6 9. dxc5 Bg4 10. Be2 Bxc5 11. Na4 Bd6 12. b3 Ne4 13. Bb2 Rc8 14. h3 Be6 15. Rc1 Qd7 16. Re1 Rfe8 17. Bf1 Nb4 18. a3 Nc6 19. Nd4 Bb8 20. Nxc6 Rxc6 21. Rxc6 bxc6 22. Qd4 f6 23. Nc5 Qd6 24. f4 Nxc5 25. Rc1 Nxb3 26. Qd1 Nxc1 27. Qxc1 Bc7 28. a4 Bb6 29. Kh2 Bf7 30. Ba3 Qd7 31. Bc5 Bxc5 32. Qxc5 Qe7 33. Qxc6 Qxe3 34. Qc7 g5 35. fxg5 Qe5+ 0-1


[Site "https://www.chess.com"]

[Event "Titled Tuesday Blitz April 18 Late 2023"]
[White "Bilych, Olexiy"]
[Black "Melikyan, Gnel"]
[WhiteFideId "14156504"]
[BlackFideId "54109990"]
[WhiteElo "2320"]
[BlackElo "2138"]
[Result "1-0"]
[Round "09"]
[TimeControl "180+2"]
[Date "2023.04.18"]
[WhiteClock "0:00:26"]
[BlackClock "0:00:04"]

1. d4 Nf6 2. c4 g6 3. Nc3 Bg7 4. e4 d6 5. Be2 O-O 6. Be3 Nc6 7. d5 Ne5 8. f4 Ned7 9. Nf3 Re8 10. O-O e6 11. dxe6 Rxe6 12. Nd4 Re8 13. Bf3 Nc5 14. Qc2 Bg4 15. Rae1 Bxf3 16. gxf3 Nh5 17. Nde2 Qh4 18. Nd5 Ne6 19. Bf2 Qh3 20. Bg3 Nd4 21. Nxd4 Bxd4+ 22. Bf2 Bxf2+ 23. Rxf2 Rac8 24. Qc3 Qh4 25. Rg2 c6 26. Rg4 Qd8 27. Ne3 Nf6 28. Rg2 d5 29. Rd1 Qe7 30. Nf5 Qc5+ 31. Kh1 dxe4 32. Qxf6 exf3 33. Qg7# 1-0


[Site "https://www.chess.com"]

[Event "Titled Tuesday Blitz April 18 Late 2023"]
[White "Weetik, Vjacheslav"]
[Black "Ronka, Erik"]
[WhiteFideId "4153472"]
[BlackFideId "505080"]
[WhiteElo "2469"]
[BlackElo "2264"]
[Result "1-0"]
[Round "09"]
[TimeControl "180+2"]
[Date "2023.04.18"]
[WhiteClock "0:01:58"]
[BlackClock "0:01:06"]

1. d4 Nf6 2. Bf4 g6 3. Nf3 Bg7 4. e3 O-O 5. c4 d6 6. Nc3 c5 7. d5 b5 8. cxb5 a6 9. a4 Qa5 10. Nd2 axb5 11. Bxb5 Ba6 12. O-O Nbd7 13. Nc4 Qc7 14. h3 Rfb8 15. Qe2 Nb6 16. Bxa6 Rxa6 17. Nxd6 1-0


[Site "https://www.chess.com"]

[Event "Titled Tuesday Blitz April 18 Late 2023"]
[White "Tregubov, Pavel V."]
[Black "Gonzalez, Francisco Silva"]
[WhiteFideId "4115341"]
[BlackFideId "1512285"]
[WhiteElo "2425"]
[BlackElo "2074"]
[Result "1-0"]
[Round "09"]
[TimeControl "180+2"]
[Date "2023.04.18"]
[WhiteClock "0:02:18"]
[BlackClock "0:02:24"]

1. e4 e5 2. Nf3 Nc6 3. Bb5 a6 4. Ba4 Nf6 5. d4 exd4 6. O-O Be7 7. e5 Ne4 8. Nxd4 O-O 9. Nf5 d5 10. Nxe7+ Nxe7 11. c3 Nc5 12. Bc2 Bf5 13. Na3 Qd7 14. Be3 Bxc2 15. Nxc2 Na4 16. Rb1 Nf5 17. Qd3 Rfe8 18. f4 Qb5 19. Qxf5 g6 20. Qh3 Nxb2 21. Nd4 1-0


[Site "https://www.chess.com"]

[Event "Titled Tuesday Blitz April 18 Late 2023"]
[White "Pesotskiy, Mikhail"]
[Black "Amburgy, Ryan"]
[WhiteFideId "34164453"]
[BlackFideId "30924820"]
[WhiteElo "2131"]
[BlackElo "2134"]
[Result "1-0"]
[Round "09"]
[TimeControl "180+2"]
[Date "2023.04.18"]
[WhiteClock "0:00:58"]
[BlackClock "0:00:02"]

1. d4 Nf6 2. c4 e6 3. Nc3 Bb4 4. Qc2 d5 5. a3 Bxc3+ 6. Qxc3 O-O 7. Bg5 h6 8. Bxf6 Qxf6 9. cxd5 exd5 10. Nf3 c6 11. e3 Nd7 12. Bd3 Re8 13. O-O Nb6 14. a4 Bf5 15. Bxf5 Qxf5 16. a5 Nc4 17. a6 b6 18. b3 Na5 19. Nd2 Qe6 20. Rfc1 Rac8 21. b4 Nc4 22. Nxc4 dxc4 23. Qxc4 Qxc4 24. Rxc4 Re7 25. Rac1 Rec7 26. e4 f6 27. f4 Kf7 28. d5 c5 29. bxc5 Rxc5 30. Rxc5 bxc5 31. Kf2 g5 32. g3 gxf4 33. gxf4 Ke7 34. e5 fxe5 35. fxe5 Kd7 36. Ke3 Rg8 37. Rxc5 Rg2 38. Rb5 Rxh2 39. Rb7+ Kc8 40. e6 Rh1 41. Kd4 Re1 42. e7 h5 43. d6 Rd1+ 44. Ke5 Re1+ 45. Kf6 Rf1+ 46. Kg6 Rg1+ 47. Kh6 Rg8 48. d7# 1-0


[Site "https://www.chess.com"]

[Event "Titled Tuesday Blitz April 18 Late 2023"]
[White "Gubajdullin, Alexei"]
[Black "Demchenko, Anton"]
[WhiteFideId "4141202"]
[BlackFideId "4160258"]
[WhiteElo "2279"]
[BlackElo "2545"]
[Result "1-0"]
[Round "09"]
[TimeControl "180+2"]
[Date "2023.04.18"]
[WhiteClock "0:00:24"]
[BlackClock "0:00:06"]

1. c4 e5 2. g3 Nc6 3. Bg2 Bc5 4. Nc3 d6 5. Nf3 a6 6. O-O Nge7 7. d3 Ba7 8. Nd5 Nxd5 9. cxd5 Ne7 10. Nd2 O-O 11. Nc4 Bd7 12. Be3 Bxe3 13. fxe3 a5 14. Rc1 b5 15. Nd2 Qb8 16. Qe1 Qb6 17. Qf2 Rac8 18. e4 Qxf2+ 19. Kxf2 c5 20. a4 Rb8 21. axb5 Bxb5 22. Ra1 a4 23. Ra2 g6 24. Rfa1 f5 25. Ke1 f4 26. Bh3 g5 27. Rb1 h5 28. Be6+ Kg7 29. b3 Kf6 30. bxa4 Ba6 31. Rab2 Rxb2 32. Rxb2 Bc8 33. Rb6 Rd8 34. Nc4 Bxe6 35. dxe6 Kxe6 36. a5 Rd7 37. a6 Nc8 38. Rb8 Na7 39. Rh8 Nc6 40. Rxh5 Ra7 41. Rh6+ Ke7 42. Rh7+ Ke6 43. Rxa7 Nxa7 44. h4 fxg3 45. hxg5 Kf7 46. Kf1 Kg6 47. Kg2 Kxg5 48. Kxg3 Kf6 49. Nxd6 Ke6 50. Nc4 Nb5 51. Kg4 Kd7 52. Kf5 Nd4+ 53. Kxe5 Kc6 54. e3 Nf3+ 55. Kf4 Ne1 56. Nb2 Kb6 57. e5 Kxa6 58. e6 c4 59. dxc4 Ng2+ 60. Kg5 Nxe3 61. e7 1-0


[Site "https://www.chess.com"]

[Event "Titled Tuesday Blitz April 18 Late 2023"]
[White "liwadas82"]
[Black "Peng, Li Min"]
[BlackFideId "14112620"]
[WhiteElo "2545"]
[BlackElo "2436"]
[Result "1/2-1/2"]
[Round "09"]
[TimeControl "180+2"]
[Date "2023.04.18"]
[WhiteClock "0:00:18"]
[BlackClock "0:00:52"]

1. e4 Nc6 2. Nf3 d6 3. d4 Nf6 4. Nc3 g6 5. h3 Bg7 6. Be2 O-O 7. O-O a6 8. Re1 b5 9. a3 Bb7 10. d5 Ne5 11. Nxe5 dxe5 12. Bf3 c6 13. Bg5 cxd5 14. Bxf6 exf6 15. Nxd5 Bxd5 16. Qxd5 Qxd5 17. exd5 f5 18. c3 Rad8 19. Red1 Rb8 20. d6 e4 21. Be2 Rfd8 22. Rd5 Rb6 23. d7 Kf8 24. Rad1 Ke7 25. g4 f4 26. Bf1 Re6 27. a4 bxa4 28. Ra5 Rxd7 29. Rxd7+ Kxd7 30. Rxa4 f5 31. gxf5 gxf5 32. Rxa6 Rxa6 33. Bxa6 f3 34. Bb7 Bh6 35. Kf1 Bc1 36. b3 Bd2 37. c4 Kd6 38. Bc8 Ke5 39. Bb7 h5 40. Bc6 Bb4 41. Bb7 Kd4 42. Bc8 Ke5 43. Bb7 h4 44. Bc6 Ba5 45. Bb7 Kd4 46. Bc8 Ke5 47. Bb7 Bc3 48. Bc8 Bd4 49. Bd7 Bc5 50. Bc8 f4 51. Bb7 Kd4 52. Bc6 Kd3 53. Bb7 Bd4 54. Bc6 e3 55. Bxf3 exf2 56. Bd5 Kc3 57. Bf3 Kxb3 58. c5 Bxc5 59. Be4 Kc3 60. Bf5 Kd2 61. Bg4 Ke3 62. Bc8 Kf3 63. Bg4+ Kg3 64. Bc8 Bb6 65. Bg4 Ba7 66. Bc8 Kh2 67. Bg4 Bb6 68. Bc8 Ba7 69. Bg4 Bb6 70. Bc8 Ba7 1/2-1/2


[Site "https://www.chess.com"]